 Dungeon Crawl Stone Soup version 0.22-a0-369-gc73351f (webtiles) character file.

34 b5mith the Cudgeler (level 3, -6/51 HPs)
             Began as a Minotaur Berserker on Apr 24, 2018.
             Was a Follower of Trog.
             Mangled by Sigmund
             ... wielding a +0 scythe
              (7 damage)
             ... on level 2 of the Dungeon.
             The game lasted 00:02:59 (1328 turns).

b5mith the Cudgeler (Minotaur Berserker)            Turns: 1328, Time: 00:02:59

Health: -6/51      AC:  2    Str: 27    XL:     3   Next: 14%
Magic:  2/2        EV: 12    Int:  4    God:    Trog [*.....]
Gold:   48         SH:  0    Dex:  9    Spells: 2/2 levels left

rFire    . . .     SeeInvis .   g - -2 dagger (curse)
rCold    . . .     Gourm    .   (no shield)
rNeg     . . .     Faith    .   b - +0 animal skin
rPois    .         Spirit   .   (helmet restricted)
rElec    .         Reflect  .   (no cloak)
rCorr    .         Harm     .   (no gloves)
MR       .....                  (no boots)
Stlth    ..........             (no amulet)
HPRegen  0.17/turn              f - ring of stealth
MPRegen  0.08/turn              (no ring)

@: berserking, very quick
A: retaliatory headbutt, horns 2
a: Berserk, Renounce Religion


You were on level 2 of the Dungeon.
You worshipped Trog.
Trog was aware of your devotion.
You were near starving.

You visited 1 branch of the dungeon, and saw 2 of its levels.

You collected 48 gold pieces.

Inventory:

Hand Weapons
 a - a +1 mace
 d - a +1 dagger of protection
   (You took it off a goblin on level 2 of the Dungeon)
 g - a cursed -2 dagger (weapon)
   (You took it off a kobold on level 1 of the Dungeon)
Armour
 b - a +0 animal skin (worn)
Jewellery
 f - a ring of stealth (left hand)
   (You found it on level 1 of the Dungeon)
Potions
 e - a potion of invisibility {unknown}
 i - a potion of resistance {unknown}
Comestibles
 c - 2 rations
 h - a chunk of flesh


   Skills:
 + Level 4.5 Fighting
 + Level 4.5 Maces & Flails
 - Level 2.4 Armour
 - Level 2.1 Dodging


You had 2 spell levels left.
You didn't know any spells.

Dungeon Overview and Level Annotations

Branches:
Dungeon (2/15)

Altars:

Annotations:
D:2 Sigmund


Innate Abilities, Weirdness & Mutations

You reflexively headbutt those who attack you in melee.
You have a pair of horns on your head.


Message History

Sigmund is moderately wounded.
Sigmund screams, "Don't try to resist!"
Sigmund hits you with a scythe.
You barely miss Sigmund. Your headbutt misses Sigmund.
Sigmund is moderately wounded.
You closely miss Sigmund.
Sigmund is moderately wounded.
Sigmund closely misses you.
You hit Sigmund but do no damage.
Sigmund is moderately wounded.
Sigmund misses you.
You hit Sigmund but do no damage.
Sigmund is moderately wounded.
You closely miss Sigmund. Your headbutt misses Sigmund.
Sigmund is moderately wounded.
Sigmund completely misses you.
You hit Sigmund.
Sigmund is moderately wounded.
Sigmund points at you and mumbles some strange words.
You resist with significant effort.
You barely miss Sigmund.
Sigmund is moderately wounded.
Sigmund hits you with a scythe!
You closely miss Sigmund.
Sigmund is moderately wounded.
You closely miss Sigmund.
Sigmund is moderately wounded.
Sigmund gestures wildly while chanting.
Sigmund flickers and vanishes!
Deactivating autopickup; reactivate with Ctrl-A.
A red film seems to cover your vision as you go berserk!
You feel yourself moving faster!
You feel mighty!
You are near starving!
Something hits you!
* * * LOW HITPOINT WARNING * * *
You barely miss something. Your headbutt misses something.
You barely miss something. Your headbutt misses something.
You hear some strange, mumbled words.
A puff of flame appears from out of thin air!
The puff of flame hits you!
* * * LOW HITPOINT WARNING * * *
You miss something. Your headbutt misses something. Something hits you!
* * * LOW HITPOINT WARNING * * *
You miss something. You miss something.
You hear some strange, mumbled words.
Something tries to affect you, but you resist.
You hit something. You headbutt something. You barely miss something.
Something hits you!
You die...

#.....<.### #...##.?....
#......{..#####.............
#..<....#.##.....# .......
#...............## ##.....##
#####...#####...####.......#
###.# ##..)..........# #.###
##............# #...##
#.{#....%....#
###..###@##...".!..#
##.....##........#
#####.###.....#.#
#.###....@#.# #..#........
#รท.#.......#.
#.............
#####.##........#
#.............#


There were no monsters in sight!

Vanquished Creatures
  An adder (D:2)
  A worm (D:2)
  A leopard gecko (D:2)
  4 bats (D:1)
  3 goblins
  3 hobgoblins (D:1)
  A ball python (D:1)
  A frilled lizard (D:1)
  2 kobolds (D:1)
  4 rats (D:1)
21 creatures vanquished.

Notes
Turn   | Place    | Note
-------+----------+-------------------------------------------
     0 | D:1      | b5mith the Minotaur Berserker began the quest for the Orb.
     0 | D:1      | Reached XP level 1. HP: 19/19 MP: 0/0
   475 | D:1      | Reached XP level 2. HP: 16/27 MP: 1/1
  1076 | D:2      | Noticed Sigmund
  1229 | D:2      | Reached XP level 3. HP: 33/34 MP: 2/2
  1324 | D:2      | HP: 1/51 [something (10)]
  1328 | D:2      | Mangled by Sigmund

Vault maps used:
D:1:      dpeg_arrival_round_a
D:2:      uniq_sigmund

Skill      XL: |  1 |
---------------+----+-----
Fighting       | 4 |  4.5
Maces & Flails | 4 |  4.5
Armour         | |  2.4
Dodging        | |  2.1

Action                   || total
-------------------------++-------
Melee: Dagger            ||    53
       Mace              ||     6
       Headbutt          ||    14
Invok: Berserk           ||     1
  Use: Scroll            ||     2
 Stab: Sleeping          ||     5
Armor: Animal skin       ||     6
Dodge: Dodged            ||    30

Table legend:
 A = Spawn XP
 B = Non-spawn XP
 C = Spawn XP percentage of total XP
 D = Spawn monster count
 E = Non-spawn monster count
 F = Spawn count percentage of total count
 G = Total turns spent on level
                    A         B        C        D         E        F      G
               +---------+---------+-------+---------+---------+-------+---------
         Total |       0 |      49 |   0.0 |       0 |      21 |   0.0 |  1328
               +---------+---------+-------+---------+---------+-------+---------
           D:1 |       0 |      26 |   0.0 |       0 |      17 |   0.0 |  1082
           D:2 |       0 |      23 |   0.0 |       0 |       4 |   0.0 |   246
               +---------+---------+-------+---------+---------+-------+---------
